Map: Frost LE

Players

Miszu

  • Race: Protoss Protoss
  • League: Master

Mukiwaa - Winner!

  • Race: Terran Terran
  • League: Master

VOD

Have the link to the VOD?

Description

Time

  • Played on: June 27, 2016, 3:10 p.m.
  • Length: 14:15
Show
View Real Time Build Order
Export as new Build Order

Miszu Protoss 

Build Orders: 1 Gate Expand, Oracle Opening 

Get SALT Encoding   

  12  0:01  Probe (Chrono Boost)  
  13  0:12  Probe (Chrono Boost)  
  14  0:17  Pylon  
  14  0:22  Probe (Chrono Boost)  
  15  0:35  Probe (Chrono Boost)  
  16  0:37  Gateway  
  16  0:47  Assimilator  
  16  1:10  Nexus  
  16  1:15  Probe (Chrono Boost)  
  17  1:27  Cybernetics Core  
  17  1:32  Probe (Chrono Boost)  
  18  1:40  Assimilator  
  18  1:42  Probe (Chrono Boost)  
  19  1:51  Pylon  
  20  1:54  Probe (Chrono Boost)  
  20  2:04  Warp Gate, Probe (Chrono Boost)  
  21  2:12  Stalker (Chrono Boost)  
  23  2:15  Probe  
  24  2:25  Mothership Core  
  24  2:27  Probe  
  25  2:45  Probe x2  
  27  2:55  Probe  
  27  2:57  Probe  
  29  2:59  Stargate  
  29  3:09  Probe  
  29  3:10  Probe  
  30  3:18  Stalker (Chrono Boost)  
  32  3:20  Probe  
  32  3:21  Probe  
  34  3:31  Probe  
  35  3:35  Probe  
  36  3:41  Probe  
  36  3:42  Oracle (Chrono Boost)  
  36  3:47  Probe  
  41  3:52  Probe  
  42  3:59  Probe  
  42  4:01  Twilight Council  
  42  4:02  Probe  
  43  4:03  Robotics Facility  
  44  4:11  Probe  
  44  4:12  Pylon  
  44  4:13  Probe  
  46  4:28  Probe  
  46  4:30  Blink, Probe  
  48  4:33  Nexus  
  48  4:39  Probe  
  48  4:43  Probe  
  50  4:49  Gateway  
  50  4:51  Observer (Chrono Boost)  
  50  4:52  Gateway  
  51  4:55  Probe x2  
  53  5:00  Assimilator  
  53  5:02  Assimilator  
  53  5:06  Pylon  
  53  5:07  Probe  
  54  5:24  Probe x2  
  54  5:25  Stalker  
  58  5:36  Probe x2  
  60  5:44  Probe  
  60  5:45  Immortal (Chrono Boost)  
  60  5:48  Probe x2  
  60  5:49  Stalker  
  69  5:50  Stalker  
  71  5:58  Pylon  
  71  6:01  Probe  
  71  6:02  Pylon, Probe x2  
  74  6:04  Stalker  
  76  6:19  Observer (Chrono Boost), Pylon  
  77  6:35  Adept x3  
  77  6:38  Observer (Chrono Boost)  
  84  6:53  Gateway  
  84  6:54  Gateway  
  84  6:55  Resonating Glaives  
  84  6:56  Gateway, Observer (Chrono Boost)  
  83  7:11  Gateway  
  83  7:12  Stalker  
  83  7:13  Stalker x2  
  83  7:14  Gateway  
  83  7:15  Forge, Probe  
  89  7:16  Forge, Probe x2  
  92  7:26  Void Ray  
  92  7:28  Immortal (Chrono Boost), Probe  
  101  7:33  Assimilator  
  101  7:34  Assimilator  
  101  7:57  Probe  
  101  7:59  Probe  
  101  8:02  Pylon  
  101  8:04  Pylon  
  101  8:10  Mothership Core  
  101  8:12  Probe x2  
  100  8:15  Adept x2  
  100  8:16  Zealot  
  100  8:18  Zealot  
  88  8:25  Zealot x2  
  88  8:26  Charge  
  85  8:28  Zealot x2  
  81  8:37  Void Ray  
  81  8:39  Immortal (Chrono Boost)  
  89  8:42  Adept x4, Probe  
  89  8:43  Probe x2  
  89  8:47  Pylon  
  89  8:48  Pylon x2  
  100  8:50  Pylon  
  100  8:55  Probe x2  
  102  8:56  Protoss Ground Weapons Level 1 (Chrono Boost), Protoss Ground Armor Level 1 (Chrono Boost)  
  102  8:58  Pylon  
  102  9:00  Templar Archives  
  102  9:01  Dark Shrine  
  102  9:11  Robotics Facility  
  102  9:14  Warp Prism  
  104  9:21  Stalker x5  
  103  9:42  Adept x3  
  90  9:54  Adept x3  
  90  9:55  Adept x2  
  90  9:57  Immortal  
  90  9:58  Immortal  
  108  10:03  Stalker x2  
  108  10:04  Stalker  
  112  10:28  High Templar  
  112  10:29  High Templar x3  
  112  10:30  Adept  
  112  10:31  Adept x3  
  112  10:33  Archon x2  
  128  10:37  Nexus  
  128  10:38  Pylon  
  128  10:42  Protoss Ground Armor Level 2 (Chrono Boost)  
  128  10:43  Protoss Ground Weapons Level 2 (Chrono Boost)  
  128  10:51  Adept x2  
  128  10:52  Adept x2  
  116  11:17  Zealot  
  116  11:18  Zealot x2  
  102  11:19  Adept x2  
  102  11:20  Adept x2  
  88  11:38  Nexus  
  86  11:45  High Templar  
  86  11:46  High Templar  
  80  11:47  High Templar  
  80  11:48  Stalker x2  
  86  11:56  Archon  
  86  12:06  Observer  
  86  12:08  Immortal  
  89  12:09  Adept  
  89  12:11  Stalker x2  
  93  12:21  Adept  
  93  12:22  Adept x4  
  93  12:27  Observer  
  78  12:58  Nexus  
  76  13:17  High Templar  
  78  13:22  High Templar  
  78  13:26  Archon  
  80  13:37  Dark Templar  
  80  13:40  Mothership Core  
  80  13:46  Stalker  
  77  14:13  Dark Templar  
Show
View Real Time Build Order
Export as new Build Order

Mukiwaa Terran - Winner!

Build Orders: MMM Bio 

Get SALT Encoding   

  12  0:00  SCV  
  13  0:13  SCV  
  14  0:17  Supply Depot  
  14  0:25  SCV  
  15  0:38  SCV  
  15  0:40  Barracks  
  16  0:44  Refinery  
  16  0:50  SCV  
  17  1:03  SCV  
  18  1:15  SCV  
  19  1:27  SCV  
  19  1:29  Reaper  
  21  1:39  Orbital Command  
  21  1:50  Command Center  
  21  2:02  Barracks  
  21  2:05  SCV  
  21  2:07  Barracks Reactor  
  22  2:14  Supply Depot  
  22  2:17  SCV  
  23  2:36  SCV  
  24  2:44  Marine  
  24  2:45  Marine  
  24  2:48  SCV  
  24  2:49  Factory  
  24  2:50  Refinery, Barracks Tech Lab  
  27  3:00  SCV  
  27  3:02  Orbital Command  
  27  3:03  Marine  
  27  3:04  Marine  
  30  3:13  Marine, SCV  
  30  3:15  Stimpack  
  32  3:23  Marine x2  
  32  3:25  SCV  
  35  3:33  Supply Depot, SCV  
  36  3:35  Marine  
  36  3:37  SCV  
  36  3:40  Starport  
  38  3:44  Marine  
  38  3:45  SCV  
  38  3:47  Marine  
  41  3:49  SCV  
  41  3:51  Widow Mine  
  43  3:57  Marine, SCV  
  43  4:01  SCV  
  43  4:02  Marine  
  47  4:09  Marine, SCV  
  49  4:10  Supply Depot  
  49  4:13  SCV  
  50  4:19  Supply Depot, Marine  
  50  4:21  SCV  
  52  4:25  Marine, SCV  
  52  4:26  Starport Reactor  
  52  4:27  Factory Reactor  
  54  4:31  Supply Depot  
  54  4:32  Supply Depot  
  54  4:34  SCV  
  54  4:36  Marine  
  54  4:37  SCV  
  57  4:45  Refinery, Marine x2  
  57  4:46  SCV  
  57  4:49  SCV  
  60  4:55  Marine  
  60  4:56  Command Center  
  61  5:00  SCV  
  61  5:03  Medivac  
  61  5:05  Medivac  
  66  5:08  SCV  
  66  5:16  Combat Shields  
  66  5:19  SCV  
  67  5:21  Marine  
  67  5:22  Marine x2  
  67  5:25  Engineering Bay  
  67  5:26  Engineering Bay  
  67  5:27  SCV  
  71  5:31  Refinery  
  70  5:40  Marine x2  
  72  5:46  Medivac  
  72  5:47  Barracks  
  72  5:48  Barracks  
  74  5:50  Medivac  
  74  5:54  Widow Mine x2  
  80  6:03  Liberator  
  80  6:05  Marine x3, Liberator  
  83  6:14  Terran Infantry Weapons Level 1  
  83  6:15  Terran Infantry Armor Level 1  
  83  6:16  Supply Depot  
  83  6:18  Supply Depot  
  89  6:28  Marine x3  
  92  6:36  Barracks Reactor, Barracks Tech Lab  
  91  6:50  Marine x2, Liberator x2, Widow Mine  
  91  6:51  Marauder, Widow Mine  
  98  7:00  Marauder  
  95  7:08  Marine  
  99  7:12  Marauder  
  101  7:16  Marine x3  
  101  7:21  Marine, Armory  
  105  7:26  Marine  
  105  7:27  Supply Depot x2  
  106  7:33  Marine  
  107  7:38  Concussive Shells  
  107  7:40  Barracks  
  107  7:42  Barracks x2  
  107  7:44  Marine x3  
  107  7:45  Marine, Marauder  
  108  8:01  Marine  
  108  8:02  Marine x3  
  111  8:06  Marauder  
  107  8:16  Marine  
  100  8:20  Marine x3, Marauder  
  100  8:27  Marine  
  88  8:34  Marine  
  88  8:37  Barracks Reactor, Barracks Tech Lab  
  88  8:38  Marine  
  88  8:40  SCV  
  88  8:41  Marauder, SCV  
  87  8:44  Orbital Command  
  87  8:48  Terran Infantry Weapons Level 2  
  84  8:49  Terran Infantry Armor Level 2  
  84  8:53  SCV x2  
  86  8:58  Marine x3  
  86  8:59  Marauder  
  91  9:04  Medivac x2  
  91  9:05  SCV x2  
  91  9:08  Barracks Tech Lab  
  91  9:09  SCV  
  98  9:16  Marine x3  
  104  9:17  Marauder, SCV x2  
  104  9:21  SCV  
  104  9:22  Marauder x2  
  104  9:23  Widow Mine  
  112  9:29  SCV  
  113  9:34  Marine x4  
  113  9:35  Marauder  
  108  9:38  Marauder  
  108  9:39  Liberator x2  
  108  9:44  Marauder  
  100  9:48  Marine x2  
  100  9:49  Marauder  
  100  9:52  Marine x4  
  95  9:56  Marauder  
  95  9:58  SCV x2  
  107  10:00  Marauder  
  107  10:01  Widow Mine x2  
  111  10:13  Marine x4  
  111  10:14  Marine x2, Marauder x2  
  117  10:17  Marauder  
  120  10:21  Marine  
  120  10:22  Liberator  
  121  10:31  Marine x3  
  121  10:34  Marine x3  
  121  10:35  Marauder x2, Missile Turret  
  131  10:38  Marine  
  131  10:39  Marine  
  131  10:41  Missile Turret  
  136  10:49  Marine x3  
  139  10:52  Marine  
  139  10:56  Marine  
  141  10:57  Marine  
  141  10:58  Marine  
  141  10:59  Marauder  
  141  11:00  Marauder  
  141  11:07  Marine  
  141  11:10  Marine x2, Marauder  
  141  11:11  Marine  
  141  11:14  Marine  
  141  11:16  Marauder  
  141  11:18  Marine  
  128  11:20  Marauder  
  128  11:21  Marine  
  128  11:24  Marine  
  113  11:28  Marine  
  113  11:31  Marauder  
  106  11:36  Marine x3  
  106  11:38  SCV  
  110  11:45  SCV  
  111  11:58  Marine x2, Marauder  
  114  12:01  SCV  
  107  12:11  Marine x5  
  107  12:12  Marauder  
  114  12:21  Marine x2  
  114  12:22  Marine, Marauder  
  118  12:23  Medivac  
  118  12:29  Marine  
  114  12:40  Marine x3  
  114  12:41  Marine x2, Marauder x2  
  118  12:50  Marine  
  118  12:51  Marine x2  
  97  12:55  Medivac x2  
  97  12:57  SCV x2  
  97  12:58  Marine x2  
  96  13:02  Marauder  
  96  13:03  Marauder  
  102  13:07  Widow Mine x2  
  102  13:10  SCV  
  102  13:12  Marine x3  
  108  13:19  SCV x2  
  114  13:22  SCV  
  113  13:31  SCV  
  113  13:33  Marine x5  
  113  13:34  Marauder x2  
  123  13:47  Marine x2  
  123  13:48  Marauder  
  133  13:56  Marine x4  
Tags
 
Add a new tag
Caveats
  • Supply blocks, unpowered buildings, or Contaminate may cause inaccurate times.
  • Supply counts are checked every 10 seconds.